 Dungeon Crawl Stone Soup version 0.28.0 (webtiles) character file.

Game seed: 838350427847609464

102 mortz the Firebug (level 4, -4/33 HPs)
             Began as a Draconian Fire Elementalist on Feb 12, 2022.
             Was an Initiate of Yredelemnul.
             Shot with an arrow by a centaur (9 damage)
             ... on level 3 of the Dungeon.
             The game lasted 00:32:03 (4032 turns).

mortz the Firebug (Draconian Fire Elementalist)     Turns: 4032, Time: 00:32:05

Health: -4/33      AC:  5    Str: 11    XL:     4   Next: 50%
Magic:  3/7        EV: 12    Int: 17    God:    Yredelemnul [......]
Gold:   85         SH:  0    Dex: 11    Spells: 4/7 levels left

rFire   x . .      SeeInvis .   y - +0 flail
rCold   + . .      Faith    .   (no shield)
rNeg    . . .      Spirit   .   (armour unavailable)
rPois   .          Reflect  .   (helmet restricted)
rElec   .          Harm     .   (no cloak)
rCorr   +          Rampage  .   (no gloves)
Will    .....                   (no boots)
Stlth   ++........              (no amulet)
HPRegen 0.11/turn               c - ring of resist corrosion
MPRegen 0.10/turn               q - ring of ice

@: no status effects
A: AC +5, unfitting armour, cold-blooded
a: Renounce Religion, Recall Undead Harvest


You were on level 3 of the Dungeon.
You worshipped Yredelemnul.
Yredelemnul was noncommittal.
You visited 1 branch of the dungeon, and saw 3 of its levels.

You collected 85 gold pieces.

Inventory:

Hand Weapons
 n - a +0 short sword
 y - a +0 flail (weapon)
 B - a +0 spear
 D - a +0 dagger
Missiles
 i - 2 datura-tipped darts
Armour
 d - a +0 scale mail of poison resistance
Jewellery
 c - a ring of resist corrosion (left hand)
 q - a ring of ice (right hand)
Scrolls
 o - a scroll of teleportation
 z - a scroll of fear {unknown}
 C - a scroll of silence {unknown}
Potions
 a - 2 potions of curing
 b - a potion of degeneration {unknown}
 e - a potion of mutation {unknown}
 f - a potion of lignification {unknown}
 m - a potion of attraction {unknown}
 p - a potion of resistance {unknown}
 r - a potion of heal wounds {unknown}


   Skills:
 + Level 0.2 Fighting
 + Level 0.6 Short Blades
 + Level 1.0 Maces & Flails
 + Level 2.2 Dodging
 + Level 2.5 Stealth
 + Level 1.0 Unarmed Combat
 + Level 2.4 Spellcasting
 + Level 1.0 Conjurations
 + Level 3.6 Fire Magic


You had 4 spell levels left.
You knew the following spells:

 Your Spells              Type           Power      Damage    Failure   Level
a - Foxfire               Conj/Fire      40%        2x1d6     7%          1
b - Scorch                Fire           28%        2d6       6%          2

Your spell library contained the following spells:

 Spells                   Type           Power      Damage    Failure   Level
 Sandblast                Erth           4%         2d4       19%         1
 Conjure Flame            Conj/Fire      10%        6-21      22%         3
 Inner Flame              Hex/Fire       8%         N/A       26%         3
 Gell's Gravitas          Tloc           2%         N/A       50%         3
 Lesser Beckoning         Tloc           2%         N/A       50%         3
 Teleport Other           Tloc           2%         N/A       50%         3
 Flame Wave               Conj/Fire      10%        2d5       56%         4


Dungeon Overview and Level Annotations

Branches:
Dungeon (3/15)

Altars:
Ashenzari
Trog
Yredelemnul

Annotations:
D:3 Sigmund


Innate Abilities, Weirdness & Mutations

Your plain brown scales are hard. (AC +5)
You cannot fit into any form of body armour.
You are cold-blooded and may be slowed by cold attacks.


Message History

Memorise Scorch, consuming 2 spell levels and leaving 4?
You start memorising the spell.
You continue memorising. x2
You finish memorising.
Spell assigned to 'b'.
Casting: Foxfire (safe; 7% risk of failure)
Confirm with . or Enter, or press ? or * to list all spells.
Okay, then.
You now have 66 gold pieces (gained 10).
You now have 75 gold pieces (gained 9).
Found a bloodstained altar of Trog.
Okay, then.
Okay, then.
Sigmund the Dreaded comes into view.
He is wielding a +0 scythe.
You now have 85 gold pieces (gained 10).
A water moccasin comes into view.
Found a stone staircase leading down.
An adder comes into view.
Found a scroll labelled TYEHAEDEIM.
A centaur comes into view.
Nothing appears to have answered your call.
The centaur shouts!
The adder hisses angrily.
The centaur wields a +0 shortbow.
The centaur shoots an arrow.
The arrow hits you.
Casting: Foxfire (safe; 7% risk of failure)
Confirm with . or Enter, or press ? or * to list all spells.
Flames lash the adder.
The adder is almost dead.
The adder's fire resistance burns away.
The adder misses you.
The centaur shoots an arrow.
The arrow hits you!
You miss the adder.
Your tail-slap misses the adder.
The adder is almost dead.
The adder misses you.
The centaur shoots an arrow.
The arrow hits you. The adder bites you but does no damage.
The centaur shoots an arrow.
The arrow hits you.
You miss the adder.
The adder is almost dead.
The centaur shoots an arrow.
The arrow hits you!
* * * LOW HITPOINT WARNING * * *
The adder misses you.
The centaur shoots an arrow.
The arrow hits you!
You die...
Your body rises from the dead as a mindless zombie.

#.#####
#..#.. ..
##....##.##
##?.....c...
##.........#
#
#..........#
.
#..S......##
##
#.@........
##.......#
##.#.#.##
##.....##
#.......#
#.##.##.#
... #.#..#
.# .. #.#.##
.# ..S ..
#.#.###.#
... .##


You could see a centaur and an adder (combustible).

Vanquished Creatures
  3 gnolls
  2 adders (D:2)
  7 endoplasms
  A giant cockroach (D:1)
  A goblin (D:2)
  2 hobgoblins (D:2)
  A quokka (D:2)
  3 ball pythons (D:2)
  A bat (D:3)
  2 frilled lizards (D:2)
  2 kobolds (D:2)
  A rat (D:2)
26 creatures vanquished.

Vanquished Creatures (collateral kills)
  A gnoll (D:2)
  A dart slug (D:1)
  5 endoplasms (D:1)
  4 goblins
  3 hobgoblins (D:1)
  A bat (D:1)
  2 frilled lizards
  A kobold (D:2)
  A rat (D:1)
19 creatures vanquished.

Vanquished Creatures (others)
  3 adder zombies
  A bat zombie (D:1)
  3 ball python zombies (D:2)
  A giant cockroach zombie (D:1)
  A hobgoblin zombie (D:1)
  A jackal zombie (D:1)
  A kobold zombie (D:2)
  2 rat zombies
  3 spectral endoplasms
  24 foxfires
  A fungus (D:1)
  A plant (D:1)
42 creatures vanquished.

Grand Total: 87 creatures vanquished

Notes
Turn   | Place    | Note
-------+----------+-------------------------------------------
     0 | D:1      | mortz the Draconian Fire Elementalist began the quest for
                  | the Orb.
     0 | D:1      | Reached XP level 1. HP: 14/14 MP: 3/3
   556 | D:1      | Found a faded altar of an unknown god.
   564 | D:1      | Got Plato's Grimoire of the Rocks
   567 | D:1      | Prayed at the altar of an unknown god.
   567 | D:1      | Became a worshipper of Yredelemnul the Dark
   567 | D:1      | Reached * piety under Yredelemnul
   610 | D:1      | Reached XP level 2. HP: 20/20 MP: 5/5
  2193 | D:2      | Reached XP level 3. HP: 25/26 MP: 4/6
  2636 | D:2      | Reached skill level 1 in Unarmed Combat
  2837 | D:2      | Found a broken altar of Ashenzari.
  3154 | D:2      | Reached XP level 4. HP: 15/33 MP: 7/7
  3233 | D:1      | Reached skill level 1 in Maces & Flails
  3898 | D:3      | Learned a level 2 spell: Scorch
  3959 | D:3      | Found a bloodstained altar of Trog.
  3961 | D:3      | Noticed Sigmund
  3995 | D:3      | Noticed a water moccasin
  4027 | D:3      | Noticed a centaur
  4032 | D:3      | Shot with an arrow by a centaur

Illustrated notes

Levels and vault maps discovered:
D:1:      tarquinn_simple_flora_water_d, layout_loops_ring,
          shapermc_ecumenical_altar_rom_forum, kennysheep_pointless_box,
          minmay_door_square
D:2:      layout_loops_ring, basic_altar
D:3:      layout_loops_cross, minitemple, uniq_sigmund

Skill      XL: |  1  2  3  4 |
---------------+-------------+-----
Dodging        | 2 |  2.2
Stealth        | 2 |  2.5
Unarmed Combat | 1 |  1.0
Maces & Flails | 1 |  1.0
Fighting       | |  0.2
Short Blades   | |  0.6
Spellcasting   | |  2.4
Conjurations   | |  1.0
Fire Magic     | |  3.6

Action                   |  1- 3 |  4- 6 || total
-------------------------+-------+-------++-------
Melee: Unarmed           |    22 |       ||    22
       Tailslap          |     7 |     1 ||     8
       Club              |    34 |       ||    34
       Short sword       |    12 |       ||    12
       Morningstar       |     1 |     2 ||     3
       Punch             |     1 |       ||     1
       Flail             |       |    11 ||    11
 Cast: Foxfire           |    16 |     4 ||    20
       Scorch            |       |     1 ||     1
Invok: Recall Undead Har |     1 |     1 ||     2
  Use: Scroll            |       |     2 ||     2
 Stab: Sleeping          |     2 |       ||     2
Armor: Skin              |    26 |     5 ||    31
Dodge: Dodged            |    56 |     9 ||    65
